 Dungeon Crawl Stone Soup version 0.26-a0-519-gb2f46efeda (webtiles) character file.

Game seed: 16592643371175644727

37 Gargoyl the Skirmisher (level 3, 34/35 HPs)
             Began as a Gnoll Abyssal Knight on Aug 10, 2020.
             Was a Follower of Lugonu.
             Quit the game on level 2 of the Dungeon.
             The game lasted 00:02:35 (1550 turns).

Gargoyl the Skirmisher (Gnoll Abyssal Knight)       Turns: 1550, Time: 00:02:36

Health: 34/35      AC:  3    Str: 15    XL:     3   Next: 39%
Magic:  6/6        EV: 12    Int: 14    God:    Lugonu [*.....]
Gold:   37         SH:  0    Dex: 14    Spells: 3/3 levels left

rFire    . . .     SeeInvis .   a - +1 hand axe
rCold    . . .     Faith    .   (no shield)
rNeg     . . .     Spirit   .   b - +0 leather armour
rPois    .         Reflect  .   (helmet restricted)
rElec    .         Harm     .   (no cloak)
rCorr    .                      (no gloves)
MR       .....                  (no boots)
Stlth    +.........             (no amulet)
HPRegen  0.11/turn              (no ring)
MPRegen  0.10/turn              (no ring)

@: no status effects
A: distributed training, fangs 1, horns 1, wild magic 1, strong nose
a: Depart the Abyss, Renounce Religion


You were on level 2 of the Dungeon.
You worshipped Lugonu.
Lugonu was aware of your devotion.
You visited 1 branch of the dungeon, and saw 2 of its levels.
You visited the Abyss 1 time.

You collected 37 gold pieces.

Inventory:

Hand Weapons
 a - a +1 hand axe (weapon)
Armour
 b - a +0 leather armour (worn)
Scrolls
 d - 3 scrolls of identify
 f - a scroll of blinking


   Skills:
 + Level 6.5 Fighting
 + Level 0.7 Short Blades
 + Level 0.7 Long Blades
 + Level 4.5 Axes
 + Level 0.7 Maces & Flails
 + Level 0.7 Polearms
 + Level 0.7 Staves
 + Level 0.7 Slings
 + Level 0.7 Bows
 + Level 0.7 Crossbows
 + Level 0.7 Throwing
 + Level 4.5 Armour
 + Level 2.6 Dodging
 + Level 0.7 Stealth
 + Level 0.7 Shields
 + Level 0.7 Unarmed Combat
 + Level 0.7 Spellcasting
 + Level 0.5 Conjurations
 + Level 0.5 Hexes
 + Level 0.5 Summonings
 + Level 0.5 Necromancy
 + Level 0.5 Translocations
 + Level 0.5 Transmutations
 + Level 0.5 Fire Magic
 + Level 0.5 Ice Magic
 + Level 0.5 Air Magic
 + Level 0.5 Earth Magic
 + Level 0.5 Poison Magic
 + Level 4.5 Invocations
 + Level 0.7 Evocations


You had 3 spell levels left.
You didn't know any spells.
Your spell library was empty.

Dungeon Overview and Level Annotations

Branches:
Dungeon (2/15)

Altars:
Ru
Sif Muna
The Shining One


Innate Abilities, Weirdness & Mutations

Your experience applies equally to all skills.
You have very sharp teeth.
Your uncanny sense of smell can sniff out nearby items.
You have a pair of small horns on your head.
Your spells are a little harder to cast, but a little more powerful.


Message History

A frilled lizard comes into view.
Found a shimmering blue altar of Sif Muna and a sacrificial altar of Ru.
A frilled lizard is nearby!
The frilled lizard hisses angrily.
The frilled lizard bites you but does no damage.
There is a glowing golden altar of the Shining One here.
You closely miss the frilled lizard. The frilled lizard misses you.
You barely miss the frilled lizard. You bite the frilled lizard.
The frilled lizard is heavily wounded.
The frilled lizard bites you.
You miss the frilled lizard.
Your headbutt misses the frilled lizard.
You bite the frilled lizard.
You kill the frilled lizard!
Lugonu accepts your kill.
Found a long bronze wand.
There is a shimmering blue altar of Sif Muna here.
You see here a frilled lizard corpse.
A leopard gecko comes into view.
Are you sure you want to abandon this character and quit the game? (Confirm with "yes".)

##...##.##****,*,* *,***,**,*
##.....#..,,,..,*/# *,* *,,,,*
#.......##**##.##.# *,* **,,,*
.........####...#.##***,***,,,,**
....†....+,........,,,,..,,,,,,,,
.........#**#...#.#####..,,,,,,**
#.<.(...## *#......#....,,,,,,*
##.....## ##.._....#**,***,,*
##.(.## #..@8...l# *,,,,,,*
##'#########..._..#.# *,***,,* **
#................#,* *,***,,*
,**#..........##..###,***,,,,,,*
#.##†.#######.###.# *,,,,,,,,,**
*#..(.##### #.# #.# *****,*****
##.......###.###.# *,*****
*#....###.........# *,,,,,*
#.##..........##### *****,***


You could see a leopard gecko (wandering).

Vanquished Creatures
  An ooze (D:1)
  2 dart slugs (D:1)
  3 bats
  5 giant cockroaches
  2 goblins (D:1)
  3 hobgoblins (D:1)
  A quokka (D:2)
  5 frilled lizards
  3 kobolds
  3 rats
28 creatures vanquished.

Notes
Turn   | Place    | Note
-------+----------+-------------------------------------------
     0 | Abyss:1  | Gargoyl the Gnoll Abyssal Knight began the quest for the
                  | Orb.
     0 | Abyss:1  | Reached XP level 1. HP: 23/23 MP: 3/3
    84 | Abyss:1  | Found a corrupted altar of Lugonu.
   128 | Abyss:1  | Noticed a large abomination
   132 | Abyss:1  | Found a viscous altar of Jiyva.
   132 | Abyss:1  | Noticed a neqoxec
   132 | Abyss:1  | Noticed a thrashing horror
   148 | Abyss:1  | Noticed a large abomination
   151 | Abyss:1  | Noticed a neqoxec
   152 | Abyss:1  | Gained mutation: Your magical capacity is low. (-10% MP) [a
                  | neqoxec]
   165 | Abyss:1  | Noticed a shadow
   165 | Abyss:1  | Gained mutation: You are agile. (Dex +2) [a neqoxec]
   175 | Abyss:1  | Gained mutation: Your spells are a little harder to cast,
                  | but a little more powerful. [a neqoxec]
   217 | Abyss:1  | Noticed a large abomination
   219 | Abyss:1  | Noticed a sixfirhy
   222 | D:1      | Escaped the Abyss
   526 | D:1      | Reached XP level 2. HP: 25/29 MP: 4/4
   527 | D:1      | Reached * piety under Lugonu
  1011 | D:1      | Reached XP level 3. HP: 35/35 MP: 5/5
  1486 | D:2      | Lost mutation: You are agile. (Dex +2) [potion of mutation]
  1486 | D:2      | Lost mutation: Your magical capacity is low. (-10% MP)
                  | [potion of mutation]
  1486 | D:2      | Lost mutation: Your spells are a little harder to cast, but
                  | a little more powerful. [potion of mutation]
  1486 | D:2      | Gained mutation: Your spells are a little harder to cast,
                  | but a little more powerful. [potion of mutation]
  1486 | D:2      | Gained mutation: You have a pair of small horns on your
                  | head. [potion of mutation]
  1528 | D:2      | Found a glowing golden altar of the Shining One.
  1529 | D:2      | Found a shimmering blue altar of Sif Muna.
  1529 | D:2      | Found a sacrificial altar of Ru.
  1550 | D:2      | Quit the game

Illustrated notes

Levels and vault maps discovered:
D:1:      dpeg_arrival_oval, layout_basic, serial_corexii_hall,
          chequers_hall_statues_y, corexii_hall_statues_i,
          chequers_hall_statues_corner_a, corexii_hall_statues_s,
          minmay_pentomino_v2
D:2:      layout_loops_corners, chequers_temple_overflow_statue_of_worship,
          uniq_natasha, uniq_robin

Action                   || total
-------------------------++-------
Melee: Hand axe          ||    53
       Bite              ||     6
       Headbutt          ||     2
Invok: Depart the Abyss  ||     1
  Use: Potion            ||     2
       Scroll            ||     5
 Stab: Sleeping          ||     2
Armor: Leather armour    ||    11
Dodge: Dodged            ||    37

Table legend: (Time is in decaauts)
 A = Elapsed time spent in this place.
 B = Non-inter-level travel time spent in this place.
 C = Inter-level travel time spent in this place.
 D = Time resting spent in this place.
 E = Time spent auto-exploring this place.
 F = Levels seen in this place.
 G = Mean time per level.
                   A        B        C        D        E       F      G
               +--------+--------+--------+--------+--------+-----+--------+
         Total |   1553 |   1520 |     33 |    176 |   1075 |   3 |  517.7 |
       Dungeon |   1331 |   1298 |     33 |    176 |    949 |   2 |  665.5 |
         Abyss |    222 |    222 |      0 |      0 |    126 |   1 |  222.0 |
               +--------+--------+--------+--------+--------+-----+--------+

Top non-repeatable levels by time:
     D:1: 1256 daAuts
 Abyss:1: 222 daAuts
     D:2: 74 daAuts
